 Dungeon Crawl Stone Soup version 0.22-a0-539-gfbd9004e3f (webtiles) character file.

527 Hercules1031 the Chopper (level 7, -15/62 HPs)
             Began as a Hill Orc Fighter on June 24, 2018.
             Was an Initiate of Beogh.
             Demolished by an ogre
             ... wielding a cursed -1 giant spiked club
              (20 damage)
             ... on level 5 of the Dungeon.
             The game lasted 00:11:34 (4439 turns).

Hercules1031 the Chopper (Hill Orc Fighter)         Turns: 4439, Time: 00:11:34

Health: -15/62     AC: 11    Str: 19    XL:     7   Next: 23%
Magic:  7/7        EV:  6    Int:  8    God:    Beogh [......]
Gold:   288        SH:  9    Dex:  8    Spells: 6/6 levels left

rFire    . . .     SeeInvis .   a - +0 war axe
rCold    . . .     Gourm    .   c - +0 shield
rNeg     . . .     Faith    .   n - +0 chain mail
rPois    .         Spirit   .   (helmet restricted)
rElec    .         Reflect  .   p - scarf {repulsion}
rCorr    .         Harm     .   (no gloves)
MR       +....                  (no boots)
Stlth    ..........             (no amulet)
HPRegen  0.20/turn              o - ring of protection from magic
MPRegen  0.10/turn              (no ring)

@: about to teleport, repel missiles
A: horns 1, slimy green scales 1, clumsy 1, weak 1, evolution 1
a: Renounce Religion


You were on level 5 of the Dungeon.
You worshipped Beogh.
Beogh was noncommittal.
You were not hungry.

You visited 2 branches of the dungeon, and saw 6 of its levels.

You collected 288 gold pieces.

Inventory:

Hand Weapons
 a - a +0 war axe (weapon)
Armour
 c - a +0 shield (worn)
 n - a +0 chain mail (worn)
 p - a scarf of repulsion (worn)
Jewellery
 e - an uncursed ring of wizardry
 o - a ring of protection from magic (left hand)
Wands
 l - a wand of flame (27)
Scrolls
 d - a scroll of fog {unknown}
 g - 2 scrolls of identify
 h - a scroll of immolation {unknown}
 i - a scroll of amnesia {unknown}
 j - a scroll of remove curse {unknown}
 k - a scroll of enchant weapon {unknown}
 m - a scroll of teleportation
 q - a scroll of magic mapping {unknown}
Comestibles
 f - 7 rations


   Skills:
 * Level 5.8 Fighting
 + Level 5.8 Axes
 * Level 4.5 Armour
 * Level 2.0 Dodging
 * Level 4.5 Shields


You had 6 spell levels left.
You didn't know any spells.
Your spell library was empty.

Dungeon Overview and Level Annotations

Branches:
Dungeon (5/15)             Temple (1/1) D:4

Altars:
Ashenzari
Cheibriados
Elyvilon
Kikubaaqudgha
Makhleb
Nemelex Xobeh
Qazlal
Ru
Sif Muna
Trog
Uskayaw
Vehumet
Wu Jian
Xom


Innate Abilities, Weirdness & Mutations

You have a pair of small horns on your head.
You are partially covered in slimy green scales. (AC +2)
You are clumsy. (Dex -2)
You are weak. (Str -2)
You evolve.


Message History

A gnoll comes into view. It is wielding a whip.
The gnoll shaman calls upon its god to speed up the gnoll.
The gnoll seems to speed up.
You barely miss the ice beast.
The ice beast is almost dead.
You hit the ogre. You block the ice beast's attack.
The ogre hits you with a giant spiked club!
* * * LOW HITPOINT WARNING * * *
The ice beast closely misses you.
Unknown command.
You aren't carrying any potions.
As you read the scroll labeled ZIT TOFESHON, it crumbles to dust.
You feel strangely unstable.
It was a scroll of teleportation.
You block the ice beast's attack.
Unknown command.
Your shield and chain mail prevent you from hitting the ice beast.
The ice beast is almost dead.
You hit the ogre. The gnoll hits you but does no damage.
The ogre hits you with a giant spiked club!!
You die... #... #...# ... ##.... #...####...##... ..... #...........<... .... #...........[... g.. #............... #gg

###...##..###...
#gg####..†##+## ...
#........)....# ...
+..@..........# ...
.. #..YO.........+
... ...
#....##.......# ...
...##....##.......#
..................#
..................#
...##.........>...#
...##.............#
..................#


You could see an ice beast, an ogre, a gnoll shaman and 4 gnolls.

Vanquished Creatures
  An ogre (D:4)
  3 scorpions
  An orc priest (D:4)
  A hound (D:4)
  2 orc wizards (D:4)
  A bullfrog skeleton (D:4)
  Ijyb (D:3)
  3 adders
  An ooze (D:1)
  A worm (D:2)
  2 dart slugs
  A leopard gecko (D:3)
  10 orcs
  2 ball pythons
  A giant cockroach (D:2)
  7 goblins (D:1)
  4 hobgoblins
  A jackal (D:2)
  4 quokkas
  3 bats
  4 frilled lizards (D:2)
  A jackal skeleton (D:4)
  6 kobolds
  A leopard gecko skeleton (D:4)
  3 rats
65 creatures vanquished.

Vanquished Creatures (others)
  2 orc priests (D:4)
  A leopard gecko (D:4)
  An orc (D:4)
4 creatures vanquished.

Grand Total: 69 creatures vanquished

Notes
Turn   | Place    | Note
-------+----------+-------------------------------------------
     0 | D:1      | Hercules1031 the Hill Orc Fighter began the quest for the Orb.
     0 | D:1      | Reached XP level 1. HP: 19/19 MP: 1/1
    73 | D:1      | Reached XP level 2. HP: 19/27 MP: 2/2
   366 | D:1      | Reached XP level 3. HP: 27/33 MP: 3/3
  1066 | D:2      | Found a sacrificial altar of Ru.
  1081 | D:2      | Reached XP level 4. HP: 41/41 MP: 4/4
  1426 | D:3      | Noticed Ijyb
  1450 | D:3      | Killed Ijyb
  1450 | D:3      | Reached skill level 5 in Axes
  1663 | D:3      | Found a stormy altar of Qazlal.
  2440 | D:4      | Became a worshipper of Beogh the Brigand
  2443 | D:4      | Reached XP level 5. HP: 29/47 MP: 5/5
  2459 | D:4      | Reached skill level 5 in Fighting
  3092 | D:4      | Reached skill level 1 in Dodging
  3092 | D:4      | Reached XP level 6. HP: 49/56 MP: 6/6
  3225 | D:4      | Found a staircase to the Ecumenical Temple.
  3241 | Temple   | Entered the Ecumenical Temple
  3571 | D:4      | HP: 1/56 [orc priest/divine providence (8)]
  3871 | D:4      | Gained mutation: You are weak. (Str -2) [potion of mutation]
  3871 | D:4      | Gained mutation: You are partially covered in thin metallic scales. (AC +2) [potion of mutation]
  3871 | D:4      | Gained mutation: You evolve. [potion of mutation]
  3871 | D:4      | Gained mutation: You possess an exceptional clarity of mind. [potion of mutation]
  3872 | D:4      | Lost mutation: You possess an exceptional clarity of mind. [potion of mutation]
  3872 | D:4      | Lost mutation: You are partially covered in thin metallic scales. (AC +2) [potion of mutation]
  3872 | D:4      | Gained mutation: You are partially covered in slimy green scales. (AC +2) [potion of mutation]
  3872 | D:4      | Gained mutation: You are clumsy. (Dex -2) [potion of mutation]
  3872 | D:4      | Gained mutation: You have a pair of small horns on your head. [potion of mutation]
  3947 | D:4      | Reached XP level 7. HP: 17/62 MP: 7/7
  4303 | D:5      | Entered Level 5 of the Dungeon
  4439 | D:5      | Demolished by an ogre

Vault maps used:
D:1:      dpeg_arrival_tiny_i, st_stairs_11, minmay_vboxes
D:2:      nicolae_ru_great_annihilating_truth, first_ration
D:3:      grunt_qazlal_clouds, uniq_ijyb
D:4:      minmay_temple_entry_junction
D:5:      nicolae_dithmenos_shadow_blocks, uniq_eustachio
Temple:   nicolae_temple_figure_eight

Skill      XL: |  1  2  3  4  5  6  7 |
---------------+----------------------+-----
Axes           | 3 4 5 |  5.8
Fighting       | 4 5 |  5.8
Dodging        | 1 2 |  2.0
Armour         | 4 |  4.5
Shields        | 4 |  4.5

Action                   |  1- 3 |  4- 6 |  7- 9 || total
-------------------------+-------+-------+-------++-------
Melee: War axe           |    87 |   141 |    31 ||   259
       Headbutt          |       |     1 |     6 ||     7
Invok: Convert to Beogh  |       |     1 |       ||     1
  Use: Potion            |     4 |     9 |       ||    13
       Scroll            |       |     5 |     2 ||     7
 Stab: Paralysed         |     1 |       |       ||     1
  Eat: Ration            |     1 |     2 |     1 ||     4
Armor: Scale mail        |    42 |     8 |       ||    50
       Chain mail        |       |    54 |    16 ||    70
Dodge: Dodged            |    30 |    20 |     4 ||    54
Block: Shield            |    52 |    56 |    14 ||   122

Table legend:
 A = Spawn XP
 B = Non-spawn XP
 C = Spawn XP percentage of total XP
 D = Spawn monster count
 E = Non-spawn monster count
 F = Spawn count percentage of total count
 G = Total turns spent on level
                    A         B        C        D         E        F      G
               +---------+---------+-------+---------+---------+-------+---------
         Total |       0 |     754 |   0.0 |       0 |      66 |   0.0 |  4439
               +---------+---------+-------+---------+---------+-------+---------
           D:1 |       0 |      40 |   0.0 |       0 |      19 |   0.0 |   711
           D:2 |       0 |      55 |   0.0 |       0 |      18 |   0.0 |   703
           D:3 |       0 |      40 |   0.0 |       0 |       5 |   0.0 |  1019
           D:4 |       0 |     542 |   0.0 |       0 |      22 |   0.0 |  1666
           D:5 |       0 |      77 |   0.0 |       0 |       2 |   0.0 |   136
               +---------+---------+-------+---------+---------+-------+---------
